 Dungeon Crawl Stone Soup version 0.18-a0-731-ga019a5f (webtiles) character file.

34 Ijustatesigmund the Sneak (level 3, 0/16 HPs)
             Began as a Spriggan Enchanter on Dec 9, 2015.
             Succumbed to an adder's poison
             ... on level 2 of the Dungeon.
             The game lasted 00:05:22 (1337 turns).

Ijustatesigmund the Sneak (Spriggan Enchanter)      Turns: 1337, Time: 00:05:22

Health: 0/16       AC:  3    Str:  4    XL:     3   Next: 14%
Magic:  8/8        EV: 18    Int: 17    God:
Gold:   49         SH:  0    Dex: 16    Spells: 2 memorised, 5 levels left

rFire  . . .     SeeInvis +     a - +1 dagger
rCold  . . .     Clarity  .     b - +1 robe
rNeg   . . .     SustAt   .     (shield restricted)
rPois  .         Gourm    .     (helmet restricted)
rElec  .         Spirit   .     (no cloak)
rCorr  .         Dismiss  .     (gloves unavailable)
rMut   .         Stasis   .     (boots unavailable)
MR     .....                    (no amulet)
Stlth  +++.......               (no ring)
                                (no ring)

@: lethally poisoned (0 -> -12), flying, very quick, not resistant to hostile
enchantments, fairly stealthy
A: unfitting armour, see invisible, herbivore 3, speed 3, slow metabolism 2
a: no special abilities


You were on level 2 of the Dungeon.
You were not hungry.

You visited 1 branch of the dungeon, and saw 2 of its levels.

You collected 49 gold pieces.

Inventory:

Hand Weapons
 a - a +1 dagger (weapon)
Armour
 b - a +1 robe (worn)
Scrolls
 e - a scroll of remove curse
Potions
 j - a potion of brilliance
Books
 c - a book of Maledictions

   Spells                             Type                      Level
   a - Corona                         Hexes                        1
   b - Ensorcelled Hibernation        Hexes/Ice                    2
   c - Confuse                        Hexes                        3
   d - Tukima's Dance                 Hexes                        3
   e - Dazzling Spray                 Conjuration/Hexes            3
Comestibles
 d - 2 bread rations
 f - a slice of pizza


   Skills:
 - Level 1.1 Short Blades
 - Level 3.0 Dodging
 * Level 5.5 Stealth
 + Level 3.4 Spellcasting
 + Level 3.7 Hexes
 + Level 0.5 Ice Magic


You had 5 spell levels left.
You knew the following spells:

 Your Spells              Type           Power        Failure   Level  Hunger
a - Corona                Hex            ###....      3%          1    None
b - Ensorcelled Hibernat  Hex/Ice        ##....       12%         2    ##.....


Dungeon Overview and Level Annotations

Branches:
Dungeon (2/15)

Altars:


Innate Abilities, Weirdness & Mutations

You are tiny and cannot use many weapons and most armour.
You have supernaturally acute eyesight.
You are a herbivore.
You cover ground extremely quickly.
You need consume almost no food.


Message History

The adder poisons you! The adder bites you.
* * * LOW HITPOINT WARNING * * *
You are more poisoned.
The adder poisons you!
You are too injured to fight recklessly!
You are too injured to fight recklessly!
You are too injured to fight recklessly!
You are too injured to fight recklessly!
* * * LOW HITPOINT WARNING * * *
You feel sick.
Drink which item? (? for menu, Esc to quit)
It was a potion of flight.
You feel very buoyant.
You fly up into the air.
* * * LOW HITPOINT WARNING * * *
You feel sick.
* * * LOW HITPOINT WARNING * * *
You feel sick.
There is an open door here.
You die...

##.....##### #..#.##
#...!...# ###.##...
#.......# #..%.####
#.......# #.#..####
##.....## #.#......
##...## #.##.####
#######S#### #.##.#
...........#####.##.#
.......@.........##..
...........#.########
#######'####........
##...###########
##.....## #)......#
#.[.....# #.......#
##.....##


You could see an adder.

Vanquished Creatures
  2 oozes (D:1)
  2 bats
  4 giant cockroaches (D:1)
  4 hobgoblins (D:1)
  4 kobolds
  4 giant newts (D:1)
  3 goblins (D:1)
  2 rats (D:1)
25 creatures vanquished.

Vanquished Creatures (others)
  5 toadstools (D:1)
5 creatures vanquished.

Grand Total: 30 creatures vanquished

Notes
Turn   | Place    | Note
--------------------------------------------------------------
     0 | D:1      | Ijustatesigmund the Spriggan Enchanter began the quest for the Orb.
     0 | D:1      | Reached XP level 1. HP: 9/9 MP: 5/5
    77 | D:1      | Reached XP level 2. HP: 13/13 MP: 7/7
   158 | D:1      | Reached skill level 5 in Stealth
   499 | D:1      | Learned a level 2 spell: Ensorcelled Hibernation
   940 | D:1      | Reached XP level 3. HP: 16/16 MP: 8/8
  1337 | D:2      | Succumbed to an adder's poison

Vault maps used:
D:1:      ldierk_walled_garden
D:2:      kennysheep_six_static_rooms, wad_floor_pattern_untrapped

Action                   || total
-------------------------++-------
Melee: Dagger            ||   100
 Cast: Corona            ||     3
  Use: Scroll            ||     5
       Potion            ||     1
 Stab: Sleeping          ||     7
       Distracted        ||     1
